 Dungeon Crawl Stone Soup version 0.23.2-1-ga50397a (webtiles) character file.

Game seed: 11554847583706096985

1541 mopl the Ruffian (level 8, -1/59 HPs)
             Began as a Minotaur Transmuter on May 16, 2019.
             Slain by a centaur (7 damage)
             ... on level 6 of the Dungeon on May 18, 2019.
             The game lasted 00:14:03 (6703 turns).

mopl the Ruffian (Minotaur Transmuter)              Turns: 6703, Time: 00:14:04

Health: -1/59      AC:  2    Str: 14    XL:     8   Next: 56%
Magic:  8/11       EV: 19    Int: 15    God:
Gold:   231        SH:  0    Dex: 17    Spells: 0/13 levels left

rFire    . . .     SeeInvis .     - Unarmed
rCold    . . .     Gourm    .   (shield currently unavailable)
rNeg     . . .     Faith    .   (armour currently unavailable)
rPois    x         Spirit   .   (helmet currently unavailable)
rElec    .         Reflect  .   (cloak currently unavailable)
rCorr    .         Harm     .   (gloves currently unavailable)
MR       .....                  (boots currently unavailable)
Stlth    ++........             (no amulet)
HPRegen  0.19/turn              f - +3 ring of intelligence
MPRegen  0.12/turn              (no ring)

@: spider-form, drained
A: tiny, (retaliatory headbutt)
a: End Transformation


You were on level 6 of the Dungeon.
You were near starving.
You were a venomous arachnid creature.
You visited 1 branch of the dungeon, and saw 6 of its levels.

You collected 231 gold pieces.

Inventory:

Hand Weapons
 m - a +0 hunting sling
 q - a +4 quarterstaff of chaos
 u - a +0 blowgun
Missiles
 a - 62 arrows
 e - 313 stones (quivered)
 g - 25 sling bullets
 j - 29 poisoned needles
 v - 13 tomahawks
 x - 2 javelins
 y - a throwing net
Armour
 b - a +0 robe (melded)
 r - a +0 cloak (melded)
 D - a +0 buckler
Jewellery
 f - a +3 ring of intelligence (left front leg)
Wands
 s - a wand of digging (6)
 z - a wand of polymorph (4)
 M - a wand of flame (7)
 O - a wand of iceblast (7)
Scrolls
 h - 2 scrolls of fog {unknown}
 k - 4 scrolls of enchant armour {unknown}
 n - 6 scrolls of remove curse
 p - a scroll of magic mapping {unknown}
 t - a scroll of blinking {unknown}
 w - 4 scrolls of random uselessness {unknown}
 A - a scroll of noise {unknown}
 E - 4 scrolls of amnesia {unknown}
 F - 2 scrolls of teleportation {unknown}
 G - a scroll of enchant weapon {unknown}
 J - a scroll of fear {unknown}
 L - a scroll of immolation {unknown}
 N - a scroll of identify
Potions
 c - 3 potions of brilliance
 i - a potion of might
 l - a potion of mutation {!q}
 o - 6 potions of flight
 B - 4 potions of lignification {!q}
 C - 4 potions of curing
 K - a potion of cancellation
Comestibles
 d - 10 rations


   Skills:
 - Level 1.2(0.6) Fighting
 - Level 3.0(2.3) Throwing
 - Level 2.1(1.5) Dodging
 + Level 7.7(6.9) Unarmed Combat
 - Level 3.0(2.3) Spellcasting
 + Level 5.5(4.8) Transmutations
 + Level 1.9(1.3) Poison Magic


You couldn't memorise any spells.
You knew the following spells:

 Your Spells              Type           Power        Failure   Level  Hunger
a - Beastly Appendage     Tmut           ###...       11%         1    #......
b - Spider Form           Tmut/Pois      ##........   38%         3    ###....
d - Ice Form              Ice/Tmut       #.......     82%         4    #####..
e - Blink                 Tloc           N/A          54%         2    ###....
w - Sticks to Snakes      Tmut           ###.....     14%         2    ###....
C - Confusing Touch       Hex            #.....       43%         1    #......

Your spell library contained the following spells:

 Spells                   Type           Power        Failure   Level  Hunger
 Animate Skeleton         Necr           N/A          43%         1    #......
 Apportation              Tloc           #.....       43%         1    #......
 Magic Dart               Conj           #...         43%         1    #......
 Summon Small Mammal      Summ           #...         43%         1    #......
 Call Imp                 Summ           #.......     54%         2    ###....
 Slow                     Hex            #.......     54%         2    ###....
 Mephitic Cloud           Conj/Pois/Air  #.......     69%         3    ###....
 Conjure Flame            Conj/Fire      #.......     75%         3    ###....
 Blade Hands              Tmut           ###.......   82%         5    ######.


Dungeon Overview and Level Annotations

Branches:
Dungeon (6/15)
 Temple: D:4-7

Altars:
Kikubaaqudgha

Shops:
D:6 *


Innate Abilities, Weirdness & Mutations

((You reflexively headbutt those who attack you in melee.))
((You have a pair of horns on your head.))


Message History

A worker ant comes into view.
The centaur shoots an arrow.
The arrow closely misses you.
You see here an arrow.
You feel much better.
The centaur shoots an arrow.
The arrow hits you!
The centaur shoots an arrow.
The arrow hits you!!
* * * LOW HITPOINT WARNING * * *
You see here an arrow.
Unknown command.
The centaur unwields a +0 shortbow.
The centaur closely misses you.
Unknown command.
You bite the centaur!
The centaur is poisoned.
The centaur is heavily wounded.
The centaur hits you!
* * * LOW HITPOINT WARNING * * *
Unknown command.
You barely miss the centaur.
The centaur is heavily wounded.
The centaur closely misses you. The worker ant completely misses you.
The centaur hits you!
You die...

.............
............#
...........#
#....$....#
##.........#
#.........#
##.....ac..# #
##......s# ##
##.......(# #.
##.......(#...# #.
##.........#...#
#.
##........(##..##
##
##........(.##..#
#
#..........###..#
### #
............##...#
###.## #
...........###...#
####....##


You could see a centaur and a worker ant.

Vanquished Creatures
  A black bear (D:6)
  2 ogres (D:4)
  2 ice beasts (D:6)
  3 wights (D:6)
  3 howler monkeys
  A crimson imp (D:6)
  A quasit (D:6)
  Crazy Yiuf (D:2)
  2 hounds (D:5)
  4 orc priests
  3 orc wizards
  Ijyb (D:4)
  2 iguanas
  2 worker ants (D:6)
  3 worker ant zombies
  8 adders
  A gnoll (D:4)
  2 shadow imps
  2 oozes
  2 adder skeletons (D:4)
  2 worms
  2 dart slugs
  5 leopard geckos
  34 orcs
  9 bats
  2 giant cockroaches (D:3)
  13 goblins
  6 hobgoblins
  15 jackals
  6 kobolds
  3 quokkas
  A ball python (D:1)
  8 frilled lizards
  A leopard gecko skeleton (D:5)
  11 rats
164 creatures vanquished.

Vanquished Creatures (collateral kills)
  A necrophage (D:5)
  A jackal (D:3)
2 creatures vanquished.

Grand Total: 166 creatures vanquished

Notes
Turn   | Place    | Note
-------+----------+-------------------------------------------
     0 | D:1      | mopl the Minotaur Transmuter began the quest for the Orb.
     0 | D:1      | Reached XP level 1. HP: 16/16 MP: 1/1
   160 | D:1      | Reached XP level 2. HP: 20/23 MP: 3/3
   182 | D:1      | Learned a level 2 spell: Sticks to Snakes
   481 | D:1      | Reached skill level 2 in Transmutations
   661 | D:1      | Reached XP level 3. HP: 28/28 MP: 4/4
  1073 | D:2      | Reached skill level 2 in Spellcasting
  1224 | D:2      | Reached skill level 4 in Unarmed Combat
  1235 | D:2      | Learned a level 3 spell: Spider Form
  1525 | D:2      | Found a runed translucent door.
  1526 | D:2      | Noticed Crazy Yiuf
  1589 | D:2      | Killed Crazy Yiuf
  1589 | D:2      | Reached XP level 4. HP: 29/35 MP: 2/6
  2208 | D:3      | Reached skill level 1 in Poison Magic
  2209 | D:3      | Reached XP level 5. HP: 9/40 MP: 2/7
  2253 | D:3      | Reached skill level 3 in Transmutations
  2555 | D:3      | Reached skill level 5 in Unarmed Combat
  3392 | D:4      | Noticed an ogre
  3403 | D:4      | Killed an ogre
  3403 | D:4      | Reached skill level 1 in Throwing
  3403 | D:4      | Reached XP level 6. HP: 32/47 MP: 1/8
  3527 | D:4      | Noticed Ijyb
  3544 | D:4      | Killed Ijyb
  3680 | D:4      | Learned a level 1 spell: Confusing Touch
  4028 | D:4      | Reached skill level 2 in Throwing
  4028 | D:4      | Reached XP level 7. HP: 52/52 MP: 5/9
  4597 | D:4      | Reached skill level 4 in Transmutations
  4639 | D:5      | Entered Level 5 of the Dungeon
  4665 | D:5      | Reached skill level 6 in Unarmed Combat
  4960 | D:5      | Found an ancient bone altar of Kikubaaqudgha.
  5013 | D:5      | Learned a level 2 spell: Blink
  5166 | D:5      | Reached skill level 3 in Throwing
  5171 | D:5      | Reached skill level 3 in Spellcasting
  5642 | D:6      | Found Exit's Assorted Antiques.
  5744 | D:6      | Reached XP level 8. HP: 59/59 MP: 4/11
  6106 | D:6      | Reached skill level 7 in Unarmed Combat
  6138 | D:6      | Learned a level 4 spell: Ice Form
  6143 | D:6      | Reached skill level 5 in Transmutations
  6703 | D:6      | Slain by a centaur

Skill      XL: |  1  2  3  4  5  6  7  8 |
---------------+-------------------------+-----
Transmutations | 2 3 4 5 |  5.5
Spellcasting   | 2 3 |  3.0
Unarmed Combat | 4 5 6 7 |  7.7
Poison Magic   | 1 |  1.9
Throwing       | 1 2 3 |  3.0
Fighting       | |  1.2
Dodging        | |  2.1

Action                   |  1- 3 |  4- 6 |  7- 9 || total
-------------------------+-------+-------+-------++-------
Melee: Unarmed           |    91 |   174 |   193 ||   458
       Headbutt          |     8 |    12 |    12 ||    32
       Kick              |     5 |    13 |    18 ||    36
       Punch             |       |     1 |     4 ||     5
 Cast: Beastly Appendage |    10 |    10 |    12 ||    32
       Spider Form       |     1 |     7 |    12 ||    20
       Sticks to Snakes  |       |     3 |     4 ||     7
 Abil: End Transformatio |       |     1 |     1 ||     2
Evoke: Wand              |       |       |     6 ||     6
  Use: Scroll            |       |     6 |     4 ||    10
       Potion            |       |       |     1 ||     1
 Stab: Sleeping          |       |     2 |       ||     2
       Confused          |       |     1 |       ||     1
       Distracted        |       |       |     1 ||     1
  Eat: Chunk             |     3 |     9 |     9 ||    21
Armor: Robe              |    13 |    29 |     8 ||    50
       Skin              |       |     4 |     1 ||     5
Dodge: Dodged            |    49 |   116 |   131 ||   296
